 Dungeon Crawl Stone Soup version 0.26.0-90-g5fd8617961 (webtiles) character file.

Game seed: 1176319982124423720

64 Gadfly the Cudgeller (level 4, 0/44 HPs)
             Began as an Ogre Gladiator on Feb 2, 2021.
             Succumbed to an orc wizard's poison
             ... on level 3 of the Dungeon.
             The game lasted 00:04:15 (2694 turns).

Gadfly the Cudgeller (Ogre Gladiator)               Turns: 2694, Time: 00:04:16

Health: 0/44       AC:  3    Str: 19    XL:     4   Next: 12%
Magic:  5/5        EV: 11    Int:  9    God:
Gold:   124        SH:  0    Dex: 16    Spells: 3/3 levels left

rFire    + . .     SeeInvis .   b - +1 dagger (vamp)
rCold    . . .     Faith    .   (no shield)
rNeg     . . .     Spirit   .   h - +0 robe
rPois    .         Reflect  .   c - +0 hat
rElec    .         Harm     .   (no cloak)
rCorr    .         Rampage  .   (gloves unavailable)
Will     .....                  (boots unavailable)
Stlth    +.........             (no amulet)
HPRegen  0.14/turn              g - ring of protection from fire
MPRegen  0.09/turn              i - +6 ring of dexterity

@: lethally poisoned (0 -> -21)
A: large, unfitting armour, tough skin 1
a: no special abilities


You were on level 3 of the Dungeon.
You visited 1 branch of the dungeon, and saw 3 of its levels.

You collected 124 gold pieces.

Inventory:

Hand Weapons
 a - a +0 flail
 b - a +1 vampiric dagger (weapon)
Missiles
 d - 3 throwing nets
 f - 56 stones (quivered)
Armour
 c - a +0 hat (worn)
 h - a +0 robe (worn)
Jewellery
 g - a ring of protection from fire (left hand)
 i - a +6 ring of dexterity (right hand)
Scrolls
 e - a scroll of identify


   Skills:
 - Level 2.6 Fighting
 + Level 2.9 Maces & Flails
 + Level 2.2 Throwing
 * Level 1.2 Armour
 - Level 2.6 Dodging
 * Level 1.9 Invocations
 * Level 1.3 Evocations


You had 3 spell levels left.
You didn't know any spells.
Your spell library was empty.

Dungeon Overview and Level Annotations

Branches:
Dungeon (3/15)

Altars:
Elyvilon
Gozag


Innate Abilities, Weirdness & Mutations

You are too large for most types of armour.
You have tough skin. (AC +1)


Message History

You feel sick. The orc closely misses you.
You closely miss the orc.
The orc is almost dead.
* * * LOW HITPOINT WARNING * * *
You feel sick. Something hits you but does no damage.
You are more poisoned.
The orc closely misses you.
* * * LOW HITPOINT WARNING * * *
You feel very sick.
* * * LOW HITPOINT WARNING * * *
You feel sick.
* * * LOW HITPOINT WARNING * * *
You feel sick.
* * * LOW HITPOINT WARNING * * *
You feel sick.
A puff of flame appears from out of thin air!
The puff of flame hits you. You resist.
* * * LOW HITPOINT WARNING * * *
There is an escape hatch in the ceiling here.
You die...

#.....#
#....[###
#...#
#...#
###...#
#...{o#
#.#...#
#.#.<.# #
#..@#
##+##


You could see an orc.

Vanquished Creatures
  An adder (D:2)
  4 worms (D:2)
  A leopard gecko (D:2)
  An orc (D:3)
  3 goblins
  8 hobgoblins
  2 jackals (D:1)
  2 bats
  6 frilled lizards
  8 kobolds
  7 rats
43 creatures vanquished.

Notes
Turn   | Place    | Note
-------+----------+-------------------------------------------
     0 | D:1      | Gadfly the Ogre Gladiator began the quest for the Orb.
     0 | D:1      | Reached XP level 1. HP: 22/22 MP: 1/1
   447 | D:1      | Reached XP level 2. HP: 23/29 MP: 2/2
  1187 | D:1      | Reached skill level 1 in Invocations
  1621 | D:2      | Reached XP level 3. HP: 34/36 MP: 3/3
  1717 | D:2      | Reached skill level 1 in Armour
  1717 | D:2      | Reached skill level 1 in Evocations
  2272 | D:2      | Found an opulent altar of Gozag.
  2282 | D:2      | Reached XP level 4. HP: 34/44 MP: 5/5
  2529 | D:2      | Found a white marble altar of Elyvilon.
  2693 | D:3      | HP: 2/44 [something/puff of flame (3)]
  2694 | D:3      | Succumbed to an orc wizard's poison

Illustrated notes

Levels and vault maps discovered:
D:1:      onia_arrival_pentagram, layout_basic
D:2:      minmay_alternating_diamond, layout_rooms,
          lemuel_coloured_pillars_altar, general_overflow_altar
D:3:      layout_basic, vehumet_crystals, serial_corexii_hall,
          chequers_hall_statues_wall_a, chequers_hall_statues_wall_a

Skill      XL: |  1  2  3 |
---------------+----------+-----
Invocations    | 1 |  1.9
Armour         | 1 |  1.2
Evocations     | 1 |  1.3
Fighting       | |  2.6
Maces & Flails | |  2.9
Throwing       | |  2.2
Dodging        | |  2.6

Action                   |  1- 3 |  4- 6 || total
-------------------------+-------+-------++-------
Melee: Flail             |    22 |       ||    22
       Dagger            |   146 |    32 ||   178
Throw: Stone             |    11 |       ||    11
  Use: Scroll            |     4 |       ||     4
       Potion            |     1 |     3 ||     4
 Stab: Sleeping          |     3 |       ||     3
Armor: Robe              |    36 |     8 ||    44
Dodge: Dodged            |    67 |    20 ||    87
